 Dungeon Crawl Stone Soup version 0.24-a0-653-g3936067ed8 (webtiles) character file.

Game seed: 920659450895084303, levelgen mode: deterministic

119 Gargoyl the Skirmisher (level 4, -2/41 HPs)
             Began as a Centaur Abyssal Knight on Sept 27, 2019.
             Was a Follower of Lugonu.
             Killed from afar by a wretched star (23 damage)
             ... with an orb of energy
             ... on level 2 of the Abyss.
             The game lasted 00:01:14 (168 turns).

Gargoyl the Skirmisher (Centaur Abyssal Knight)      Turns: 168, Time: 00:01:15

Health: -2/41      AC:  4    Str: 15    XL:     4   Next: 73%
Magic:  5/5        EV:  9    Int: 16    God:    Lugonu [*.....]
Gold:   11         SH:  0    Dex:  9    Spells: 3/3 levels left

rFire    . . .     SeeInvis .   a - +1 hand axe
rCold    . . .     Gourm    .   (no shield)
rNeg     . . .     Faith    .   b - +0 leather armour
rPois    .         Spirit   .   (no helmet)
rElec    .         Reflect  .   (no cloak)
rCorr    .         Harm     .   (no gloves)
MR       .....                  (no barding)
Stlth    ..........             (no amulet)
HPRegen  0.13/turn              (no ring)
MPRegen  0.09/turn              (no ring)

@: brilliant, very quick
A: large, hooves 3, deformed body, speed 2, tough skin 3
a: Depart the Abyss, Renounce Religion


You were on level 2 of the Abyss.
You worshipped Lugonu.
Lugonu was aware of your devotion.
You were not hungry.

You visited 0 branches of the dungeon, and saw 0 of its levels.
You visited the Abyss 1 time.

You collected 11 gold pieces.

Inventory:

Hand Weapons
 a - a +1 hand axe (weapon)
Armour
 b - a +0 leather armour (worn)
Wands
 e - a wand of disintegration (11)
Comestibles
 c - a ration


   Skills:
 + Level 4.5 Fighting
 + Level 2.3 Axes
 + Level 1.9 Armour
 + Level 0.6 Dodging
 + Level 2.5 Invocations
 + Level 0.5 Evocations


You had 3 spell levels left.
You didn't know any spells.
Your spell library was empty.

Dungeon Overview and Level Annotations

Branches:
Dungeon (0/15)

Altars:


Innate Abilities, Weirdness & Mutations

You have hooves in place of feet.
Armour fits poorly on your strangely shaped body.
You cover ground very quickly.
You have extremely tough skin. (AC +3)


Message History

Aiming: Disintegrate
Press: ? - help, Shift-Dir - straight line, f - wretched star
Aim: a wretched star (lightly damaged, covered in acid, magic immune)
Okay, then.
Aiming: Corrosive Bolt
Press: ? - help, Shift-Dir - straight line, f - wretched star
Aim: a wretched star (lightly damaged, covered in acid)
The bolt of acid misses the wretched star.
The wretched star glows turbulently.
The orb of energy hits you!!
The orb of energy explodes!
Unknown command.
Aiming: Corrosive Bolt
Press: ? - help, Shift-Dir - straight line, f/p - wretched star
Aim: a wretched star (lightly damaged, covered in acid)
The bolt of acid misses the wretched star.
The now-empty wand crumbles to dust.
The wretched star glows turbulently.
The orb of energy hits you!!
Ouch! That really hurt!
You die...

#..## . .. ... ...## ..
#.####. .##.## .. ##
###.... #. ..... .#
.##.##.##..###.#......##
.............#.# #.# #..
. ...........
#..#...##.. .
#....§#.##.5. . ....
#..@§*..#.# #.#.#... .
.......##...#.### 5.. #
. ....... ##..#.. 3....#
#.
..........#...%.#.#.#.#
. #..##...#. ..#.#
#....# . .. ....
....#### #..... .
........ .#. # 5##.#. .
. . ........##.. #.# #.
. .. .. # #.5 #.. #.


You could see a wretched star.

Vanquished Creatures
  A neqoxec (Abyss:2)
1 creature vanquished.

Notes
Turn   | Place    | Note
-------+----------+-------------------------------------------
     0 | Abyss:1  | Gargoyl the Centaur Abyssal Knight began the quest for the
                  | Orb.
     0 | Abyss:1  | Reached XP level 1. HP: 19/19 MP: 2/2
    65 | Abyss:1  | Noticed an ancient zyme
    69 | Abyss:1  | Noticed a rakshasa
    97 | Abyss:2  | Noticed a ynoxinul
    97 | Abyss:2  | Noticed a catoblepas
    97 | Abyss:2  | Noticed a ynoxinul
   100 | Abyss:2  | Noticed a death drake
   100 | Abyss:2  | Noticed a ynoxinul
   103 | Abyss:2  | Noticed an eye of devastation
   115 | Abyss:2  | Noticed a neqoxec
   137 | Abyss:2  | Noticed an iron imp
   148 | Abyss:2  | Noticed a wretched star
   166 | Abyss:2  | Killed a neqoxec
   166 | Abyss:2  | Reached skill level 4 in Fighting
   166 | Abyss:2  | Reached XP level 2. HP: 28/28 MP: 3/3
   166 | Abyss:2  | Reached XP level 3. HP: 34/34 MP: 4/4
   166 | Abyss:2  | Reached XP level 4. HP: 41/41 MP: 5/5
   168 | Abyss:2  | Killed from afar by a wretched star

Levels and vault maps discovered:
Abyss:2:  hangedman_steaming_rock

Skill      XL: |  1 |
---------------+----+-----
Fighting       | 4 |  4.5
Axes           | 2 |  2.3
Armour         | |  1.9
Dodging        | |  0.6
Invocations    | |  2.5
Evocations     | |  0.5

Action                   |  1- 3 |  4- 6 || total
-------------------------+-------+-------++-------
Evoke: Wand              |     5 |     3 ||     8
  Use: Potion            |     1 |       ||     1
Dodge: Dodged            |     1 |       ||     1

Table legend:
 A = Non-vault XP
 B = Vault XP
 C = Vault XP percentage of total XP
 D = Non-vault monster count
 E = Vault monster count
 F = Vault count percentage of total count
                 A         B        C        D         E       F
            +---------+---------+-------+---------+---------+-------
      Total |     170 |       0 |   0.0 |       1 |       0 |   0.0
            +---------+---------+-------+---------+---------+-------
    Abyss:2 |     170 |       0 |   0.0 |       1 |       0 |   0.0
            +---------+---------+-------+---------+---------+-------
